AoeStats
← OGMudbone69

Black Forest

506979977Analyzed
2v2 RM · 15d ago on Sep 16, 2026· 69m 59s· 4 players
Game mode
Random Map
Map size
Medium (4 player)
Population
200
Speed
Normal
Resources
Standard
Victory
Conquest
Starting age
Dark Age
Ending age
Imperial Age
RankedLock teamsTeams togetherTeam positionsShared explorationLock speedFull tech treeHidden civsTurbo modeCheats
Victory
Defeat
🇺🇸 Britons · United States
800
+12
🇺🇸 Persians · United States
779
+13
🇪🇨 Romans · Ecuador
742
-13
🇨🇱 Mapuche · Chile
697
-12
patitocarlos
0:52 Loom
12:25 Feudal Age
15:19 Wheelbarrow
18:39 Castle Age
18:36 Padded Archer Armor
20:04 Fletching
25:16 Double-Bit Axe
27:39 Hand Cart
30:32 Caravan
37:42 Imperial Age
35:52 Bodkin Arrow
35:57 Padded Archer Armor
36:09 Forging
36:12 Malon
37:54 Forging
39:08 Leather Archer Armor
39:30 Iron Casting
39:04 Butalmapu
39:27 Bow Saw
38:58 Horse Collar
39:10 Gold Mining
41:30 Ballistics
42:11 Chemistry
41:28 Heavy Plow
42:03 Gold Shaft Mining
42:47 Blast Furnace
42:18 Ring Archer Armor
41:14 Elite Kona
42:00 Elite Skirmisher
42:49 Town Watch
46:12 Bombard Tower
49:19 Town Patrol
50:39 Onager
MonoKiller19892
2:30 Loom
16:47 Feudal Age
18:13 Man-at-Arms
19:01 Double-Bit Axe
18:59 Horse Collar
21:14 Wheelbarrow
21:49 Gold Mining
21:50 Stone Mining
26:00 Scale Mail Armor
29:03 Castle Age
28:05 Town Watch
30:01 Caravan
30:28 Hand Cart
31:10 Bow Saw
31:04 Heavy Plow
32:54 Caravan
33:04 Fletching
33:19 Squires
35:10 Town Patrol
35:52 Gold Shaft Mining
35:49 Long Swordsman
35:51 Pikeman
41:07 Imperial Age
41:07 Masonry
40:53 Murder Holes
41:09 Fortified Wall
40:50 Guard Tower
41:21 Ballistics
41:54 Ballistas
42:11 Conscription
41:27 Heavy Scorpion
42:58 Crop Rotation
42:03 Capped Ram
43:31 Onager
43:41 Elite Skirmisher
44:33 Halberdier
46:20 Architecture
47:25 Legionary
49:50 Chemistry
50:08 Chain Mail Armor
49:49 Bodkin Arrow
50:05 Forging
49:57 Padded Archer Armor
52:49 Comitatenses
67:04 Siege Engineers
mikemarino99
0:32 Loom
12:30 Feudal Age
17:12 Castle Age
15:44 Double-Bit Axe
16:48 Horse Collar
17:36 Stone Mining
21:06 Fletching
22:07 Gold Mining
23:59 Bow Saw
23:37 Man-at-Arms
26:00 Wheelbarrow
25:14 Town Watch
26:09 Bodkin Arrow
28:00 Gold Shaft Mining
27:52 Padded Archer Armor
28:06 Caravan
28:40 Fortified Wall
27:57 Long Swordsman
28:59 Guard Tower
29:46 Squires
29:33 Gambesons
31:01 Murder Holes
35:07 Imperial Age
32:56 Scale Mail Armor
33:22 Ballistics
34:24 Town Patrol
34:47 Leather Archer Armor
34:49 Chain Mail Armor
36:37 Hand Cart
37:25 Two-Man Saw
36:07 Two-Handed Swordsman
36:55 Treadmill Crane
37:24 Heavy Plow
37:17 Elite Longbowman
39:12 Capped Ram
42:53 Chemistry
42:23 Bracer
42:55 Ring Archer Armor
42:21 Champion
44:00 Forging
44:22 Plate Mail Armor
44:29 Keep
44:00 Siege Engineers
45:26 Yeomen
45:44 Arrowslits
47:57 Iron Casting
50:45 Blast Furnace
59:19 Conscription
65:56 Arson
OGMudbone69
0:46 Loom
13:38 Feudal Age
15:15 Double-Bit Axe
23:13 Castle Age
23:49 Stone Mining
27:22 Wheelbarrow
27:16 Gold Mining
30:22 Stone Shaft Mining
31:45 Gold Shaft Mining
31:32 Bow Saw
34:34 Imperial Age
32:24 Hand Cart
32:48 Caravan
34:11 Horse Collar
35:17 Citadels
36:28 Elite War Elephant
38:53 Scale Barding Armor
38:59 Forging
39:04 Pikeman
40:07 Kamandaran
42:37 Conscription
42:59 Hoardings
42:28 Squires
41:51 Crossbowman
43:00 Thumb Ring
43:25 Chain Barding Armor
43:41 Iron Casting
46:58 Plate Barding Armor
47:24 Blast Furnace
46:01 Halberdier
50:59 Man-at-Arms
58:59 Padded Archer Armor
58:50 Fletching
61:01 Chemistry
60:13 Masonry
59:59 Murder Holes
60:25 Ballistics
65:49 Bodkin Arrow
66:10 Leather Archer Armor
Connection lost

Rejoining the realm…

Still unreachable

The connection could not be restored.

Session expired

The server has moved on; the page needs a fresh start.